AoeStats
← arthur

Black Forest

504451822Analyzed
3v3 RM · 27d ago on Sep 5, 2026· 23m 54s· 6 players
Game mode
Random Map
Map size
Normal (6 player)
Population
200
Speed
Normal
Resources
Standard
Victory
Conquest
Starting age
Dark Age
Ending age
Imperial Age
RankedLock teamsTeams togetherTeam positionsShared explorationLock speedFull tech treeHidden civsTurbo modeCheats
Victory
Defeat
🇩🇪 Saracens · Germany
1520
+10
🇫🇷 Britons · France
1497
+11
🇫🇷 Mongols · France
1418
+14
🇫🇷 Goths · France
1427
-13
🇩🇪 Persians · Germany
1386
-12
🇳🇱 Malay · Netherlands
1327
-10
P1nGp0nG
1:01 Loom
10:55 Feudal Age
14:42 Castle Age
13:31 Double-Bit Axe
14:27 Scale Barding Armor
19:48 Bloodlines
20:21 Horse Collar
Kez
1:56 Loom
11:07 Feudal Age
11:21 Man-at-Arms
19:08 Double-Bit Axe
25:49 Castle Age
arthur
0:27 Loom
11:29 Feudal Age
12:01 Double-Bit Axe
14:40 Horse Collar
16:08 Wheelbarrow
20:26 Castle Age
18:50 Fletching
19:35 Stone Mining
19:40 Gold Mining
p0n0n0
8:12 Loom
11:39 Feudal Age
16:47 Castle Age
15:32 Double-Bit Axe
18:25 Wheelbarrow
17:35 Town Watch
18:59 Horse Collar
24:04 Bow Saw
23:43 Horse Collar
Tonymontana
5:31 Loom
9:19 Feudal Age
14:47 Fletching
15:11 Padded Archer Armor
25:38 Castle Age
23:56 Double-Bit Axe
ccereal
2:19 Loom
8:11 Feudal Age
8:52 Double-Bit Axe
10:38 Fletching
18:42 Wheelbarrow
21:57 Castle Age
20:09 Padded Archer Armor
20:50 Horse Collar
21:01 Gold Mining
22:42 Bodkin Arrow
Connection lost

Rejoining the realm…

Still unreachable

The connection could not be restored.

Session expired

The server has moved on; the page needs a fresh start.